Cogmind - Beta 16 @@@ ROGUE MODE // 2025.10.27 @ 22:29:45 Player: Biba Result: Destroyed by S-27 Virus with Autogun Performance ------------- Evolutions (4) 2000 Regions Visited (13) 2600 Robots Destroyed (48) 240 Value Destroyed (2200) 2200 Prototype IDs (24) 480 Alien Tech Used (0) 0 Bonus (981) 981 TOTAL SCORE: 8501 Bonus ------- High Alert Combat Kills 6 Follower Combat Kills 35 Entered Garrisons 200 Used RIF Installer 500 Aligned with FarCom 300 Friendly Fire -60 Cogmind --------- Core Integrity 0/850 Matter 172/300 Energy 99/100 System Corruption 7% Temperature Cool (0) Movement Core (50) Location -6/Factory Parts ------- > --- POWER (1) -------- (None) > --- PROPULSION (5) --- (None) > --- UTILITY (7) ------ (None) > --- WEAPON (2) ------- (None) > --- INVENTORY (5) ---- High-capacity Storage Unit Cloaking Device Improved System Shield Peak State ------------ > --- POWER ------------ Improved Deuterium Engine > --- PROPULSION ------- Potential Leg Potential Leg > --- UTILITY ---------- Coolant Injector High-capacity Storage Unit Improved Signal Interpreter Core Analyzer Medium Armor Plating Hardened Medium Armor Plating > --- WEAPON ----------- Guided Plasma Cannon Heavy Mace > --- INVENTORY -------- Aluminum Leg Aluminum Leg Armored Huge Wheel Gravmag System Gravmag System Combat Airjet Combat Airjet Small Storage Unit High-capacity Matter Pod Terrain Scan Processor Core Analyzer Improved Medium Armor Plating Authchip [R/Combat] Chronowheel Heavy Particle Cannon Plasma Cannon Plasma Cannon Grenade Launcher Mini Grenade Launcher [Rating: 59] Favorites ----------- Power Improved Deuterium Engine Engine Improved Deuterium Engine Power Core Light Nuclear Core Propulsion Potential Leg Leg Potential Leg Wheel Armored Huge Wheel Hover Unit Gravmag System Flight Unit Xenon Bombardment Thruster Utility High-capacity Storage Unit Device Coolant Injector Storage High-capacity Storage Unit Processor Improved Signal Interpreter Protection Hardened Medium Armor Plating Weapon Heavy Mace Energy Gun Small Laser Energy Cannon Guided Plasma Cannon Ballistic Gun Gauss Rifle Ballistic Cannon Heavy Mass Driver Launcher Mini Grenade Launcher Impact Weapon Heavy Mace Slashing Weapon Katana Build | -11 -10 -10 -10 -9 -8 -7 -7 -7 -7 -7 -7 -6 -6 ------- Run | Yrd Mat Min Exi Min Mat Fac Gar Fac Low Low Zio Pro Fac Slots Evolved 8 | . . . . . 4 2 . . . . . . 2 Power . | . . . . . . . . . . . . . . Propulsion 3 | . . . . . 2 . . . . . . . 1 Utility 5 | . . . . . 2 2 . . . . . . 1 Weapon . | . . . . . . . . . . . . . . Parts Attached 63 | 8 1 2 4 1 2 6 5 5 3 3 . 7 16 Power 6 | 1 . 1 . . . . 1 . . . . 1 2 Engine 4 | 1 . 1 . . . . 1 . . . . . 1 Core 2 | . . . . . . . . . . . . 1 1 Reactor . | . . . . . . . . . . . . . . Propulsion 16 | 3 . . 3 . . . 1 . 1 . . 3 5 Treads . | . . . . . . . . . . . . . . Leg 4 | 2 . . 2 . . . . . . . . . . Wheel 4 | 1 . . 1 . . . 1 . . . . . 1 Hover 3 | . . . . . . . . . . . . 3 . Flight 5 | . . . . . . . . . 1 . . . 4 Utility 27 | 2 1 . 1 . 1 5 2 2 1 3 . 3 6 Device 13 | 1 . . . . . 1 2 2 . . . 2 5 Storage 4 | 1 1 . 1 . . 1 . . . . . . . Processor 6 | . . . . . . 2 . . . 3 . . 1 Hackware . | . . . . . . . . . . . . . . Protection 4 | . . . . . 1 1 . . 1 . . 1 . Artifact . | . . . . . . . . . . . . . . Weapon 14 | 2 . 1 . 1 1 1 1 3 1 . . . 3 Energy Gun 6 | 2 . 1 . . . . . 3 . . . . . Energy Cannon 1 | . . . . . . 1 . . . . . . . Ballistic Gun 2 | . . . . . . . . . . . . . 2 Ballistic Cannon 1 | . . . . . . . 1 . . . . . . Launcher 2 | . . . . 1 . . . . 1 . . . . Special Weapon . | . . . . . . . . . . . . . . Impact Weapon 1 | . . . . . 1 . . . . . . . . Slashing Weapon 1 | . . . . . . . . . . . . . 1 Piercing Weapon . | . . . . . . . . . . . . . . Special Melee Weapon . | . . . . . . . . . . . . . . Unidentified Prototypes 1 | . . . . . . . . . . . . . 1 Parts Lost 23 | . 2 . . . 3 . . . 1 . 1 3 13 Power 4 | . 1 . . . 1 . . . . . . 1 1 Propulsion 8 | . . . . . . . . . . . . 1 7 Utility 7 | . . . . . 1 . . . 1 . 1 1 3 Weapon 4 | . 1 . . . 1 . . . . . . . 2 Highest Loss Streak 7 | . 2 . . . 2 . . . 1 . 1 2 7 To Critical Strikes . | . . . . . . . . . . . . . . Average Backups 14 | 5 8 7 8 15 17 16 19 19 19 18 16 8 7 Power . | . 1 . . . . . . 1 1 1 1 1 . Propulsion 5 | 3 4 5 5 7 7 6 6 5 6 6 5 2 1 Utility 4 | . . 1 1 3 3 3 6 7 7 6 6 2 2 Weapon 3 | . 1 1 1 3 4 5 5 5 5 4 4 2 2 Tool/Special . | . . . . . . . . . . . . . . Unused Backups 25 | . . . 2 . 2 2 5 4 . 2 . 5 3 Power 3 | . . . 2 . 1 . . . . . . . . Propulsion 4 | . . . . . . 2 . 2 . . . . . Utility 11 | . . . . . . . 2 1 . 2 . 3 3 Weapon 6 | . . . . . 1 . 3 . . . . 2 . Tool/Special 1 | . . . . . . . . 1 . . . . . Average Slot Usage (%) 74 | . 87 80 84 85 58 60 73 74 76 75 72 81 54 Engine 7 | . 14 14 14 14 3 . 6 7 7 7 7 6 . Leg 5 | . 4 . 2 28 18 15 1 . . . . . . Wheel 5 | . 11 14 12 . . . 6 7 7 7 7 . . Hover 1 | . . . . . . . . . . . . 20 8 Device 11 | . 14 14 12 . 7 4 7 19 18 14 15 16 12 Storage 8 | . 14 14 13 14 9 7 7 7 7 7 7 7 5 Processor 6 | . . . . . . 7 14 7 7 7 7 7 11 Protection 7 | . . . . . 3 12 15 8 10 15 13 6 1 Energy Gun 6 | . 28 23 28 16 7 . . . . . . . . Energy Cannon 2 | . . . . . . 4 4 7 7 4 . . . Launcher 2 | . . . . 11 2 . . . 3 7 5 6 2 Impact Weapon 3 | . . . . . 6 7 4 6 3 2 7 7 1 Peak Build Rating 59 | 7 7 6 28 28 33 54 59 54 55 49 41 41 43 Average Rating 35 | 5 6 5 8 27 31 44 50 50 50 45 40 37 28 On Entrance 30 | . 7 4 6 27 28 31 54 51 51 49 41 38 40 Avg Prop Armor Cover (%) 7 | . . . . 8 . . . . 1 . . . 10 Naked Turns 32 | . . . . . . . . . . . . . 32 Heaviest Build 206 | 13 48 47 206 47 52 69 86 81 78 78 71 62 23 Greatest Support 60 | 20 20 16 60 60 60 60 60 28 28 28 28 28 27 Greatest Overweight (x) 3 | 1 2 2 3 1 . 1 3 2 2 2 2 2 1 Average Overweight (x) 1 | . 1 2 1 . . . 2 2 2 2 2 . . Largest Inventory Capacity 35 | 8 20 20 35 20 20 20 20 20 20 20 20 20 8 Average Capacity 18 | 7 18 20 19 20 20 20 20 20 20 20 20 9 7 Most Carried 20 | 8 9 8 14 17 20 20 20 20 20 20 17 17 8 Average Carried 15 | 5 8 7 8 15 17 17 19 19 19 18 16 8 7 Final Capacity 20 | 8 20 20 20 20 20 20 20 20 20 20 20 8 5 Final Carried 20 | 6 9 7 12 17 18 19 20 20 20 16 16 6 3 Class Distribution -------------------- 100% | Mutant Dominant Class ---------------- Mutant | -10/Materials Mutant | -10/Mines Mutant | -10/Exiles Mutant | -9/Mines Mutant | -8/Materials Mutant | -7/Factory Mutant | -7/Garrison Mutant | -7/Factory Mutant | -7/Lower Caves Mutant | -7/Lower Caves Mutant | -7/Zion Mutant | -6/Proximity Caves Mutant | -6/Factory Resources | -11 -10 -10 -10 -9 -8 -7 -7 -7 -7 -7 -7 -6 -6 ----------- Run | Yrd Mat Min Exi Min Mat Fac Gar Fac Low Low Zio Pro Fac Matter Collected 1319 | 280 20 . 60 150 13 22 42 130 85 129 . 178 210 Remotely . | . . . . . . . . . . . . . . Salvage Created 1351 | 168 52 . . 25 13 40 . 262 194 90 74 198 235 Parts 73 | 17 4 . . . . 1 . 10 10 1 6 8 16 Haulers Intercepted 1 | . . . . . . 1 . . . . . . . Recyclers Shooed 2 | 1 . . . . . . . . . . . . 1 Parts Field Recycled . | . . . . . . . . . . . . . . Retrieved Matter . | . . . . . . . . . . . . . . Parts Self-Destructed 18 | . . . . . . . . . 9 1 . 8 . Prevented . | . . . . . . . . . . . . . . Parts Restored . | . . . . . . . . . . . . . . Kills | -11 -10 -10 -10 -9 -8 -7 -7 -7 -7 -7 -7 -6 -6 ------- Run | Yrd Mat Min Exi Min Mat Fac Gar Fac Low Low Zio Pro Fac Combat Hostiles Destroyed 43 | . 1 . . 5 . . . 5 8 3 3 8 10 Melee 2 | . . . . . . . . . . . . 2 . Guns 4 | . . . . . . . . . . . . . 4 Cannons 6 | . . . . . . . . 4 2 . . . . AOE 27 | . . . . 5 . . . . 6 2 3 5 6 Classes Destroyed 16 | 2 2 . . 1 1 1 . 3 1 1 1 1 2 Builder 1 | . . . . . 1 . . . . . . . . Tunneler 5 | 5 . . . . . . . . . . . . . Hauler 1 | . . . . . . 1 . . . . . . . Recycler 1 | 1 . . . . . . . . . . . . . Minesweeper 1 | . . . . . . . . . . . . 1 . Watcher 1 | . 1 . . . . . . . . . . . . Swarmer 18 | . . . . . . . . . 7 . . 6 5 Cutter 2 | . . . . . . . . . . . . . 2 Grunt 7 | . 1 . . . . . . 1 . 2 . 2 1 Brawler 1 | . . . . . . . . . . 1 . . . Duelist 1 | . . . . . . . . 1 . . . . . Sentry 1 | . . . . . . . . . . . . . 1 Hunter 2 | . . . . . . . . 2 . . . . . Programmer 3 | . . . . . . . . 1 1 . . . 1 Assembled 5 | . . . . 5 . . . . . . . . . Wasp 1 | . . . . . . . . . . . 1 . . Wizard 1 | . . . . . . . . . . . 1 . . Fireman 1 | . . . . . . . . . . . 1 . . Best Kill Streak 5 | 2 1 . . 3 1 1 . 2 4 3 3 5 4 Combat Bots Only 5 | . 1 . . 3 . . . 3 4 3 3 5 4 Max Kills in Single Turn 4 | 1 1 . . 2 1 1 . 1 2 2 1 3 4 Gunslinging . | . . . . . . . . . . . . . . Exploded 4 | . . . . 2 . . . . 2 2 1 3 4 Melee 1 | . . . . . . . . . . . . 1 . Uniques/NPCs Destroyed . | . . . . . . . . . . . . . . Combat | -11 -10 -10 -10 -9 -8 -7 -7 -7 -7 -7 -7 -6 -6 -------- Run | Yrd Mat Min Exi Min Mat Fac Gar Fac Low Low Zio Pro Fac Hostile Shots Fired 391 | . 20 . . 14 11 . . 10 17 17 91 64 147 Missed 150 | . 3 . . 6 3 . . 6 3 4 36 25 64 Hits 241 | . 17 . . 8 8 . . 4 14 13 55 39 83 Melee 11 | . . . . . . . . . . 8 . 1 2 Projectile 230 | . 17 . . 8 8 . . 4 14 5 55 38 81 Critical Strikes 4 | . . . . . . . . . . . 1 . 3 Part Disruptions 1 | . . . . 1 . . . . . . . . . Damage Taken 4476 | . 202 . . 186 372 . 75 60 205 214 561 676 1925 Core 1268 | . 45 . . 23 16 . 25 16 28 76 59 129 851 Absorbed by Shields . | . . . . . . . . . . . . . . Core Remaining (%) 80 | 100 . . . 72 97 . . . . . . 52 . Volleys Fired 95 | 14 9 . 1 8 . . 2 13 7 12 3 4 22 Largest 2 | 2 2 . 2 2 . . 1 1 1 1 1 1 2 Hottest 120 | 100 100 . 90 90 . . 65 120 120 120 30 30 56 Shots Fired 130 | 28 18 . 2 11 . . 2 13 7 13 4 4 28 Gun 79 | 28 18 . 2 6 . . . . . . . . 25 Cannon 24 | . . . . . . . 2 13 3 6 . . . Launcher 27 | . . . . 5 . . . . 4 7 4 4 3 Special . | . . . . . . . . . . . . . . Kinetic 27 | . . . . . . . 2 . . . . . 25 Thermal 76 | 28 18 . 2 6 . . . 13 3 6 . . . Explosive 27 | . . . . 5 . . . . 4 7 4 4 3 Electromagnetic . | . . . . . . . . . . . . . . Robot Hit Streak 13 | 6 7 . . 2 . . . 13 2 9 10 2 6 Robot Miss Streak 5 | 5 4 . . 3 . . . . 1 1 1 . 3 Penetration Max . | . . . . . . . . . . . . . . Secondary Targets . | . . . . . . . . . . . . . . Shots Hit Robots 85 | 14 10 . . 4 1 1 . 13 3 9 2 10 18 Core Hits 59 | 7 2 . . 6 . . . 5 12 5 4 7 11 Critical Kills 2 | . . . . . . . . . . . . 1 1 Critical Parts Destroyed 3 | . . . . . . 1 . . . . . 2 . Critical Strikes 8 | 1 2 . . . . 1 . . . . . 3 1 Burn 3 | 1 2 . . . . . . . . . . . . Destroy 1 | . . . . . . . . . . . . . 1 Smash 4 | . . . . . . 1 . . . . . 3 . Melee Attacks 95 | . . . . . 37 1 7 4 4 1 . 14 27 Impact 87 | . . . . . 37 1 7 4 4 1 . 14 19 Slashing 8 | . . . . . . . . . . . . . 8 Piercing . | . . . . . . . . . . . . . . Sneak Attacks 3 | . . . . . 1 1 . . . . . 1 . Combat Hostiles . | . . . . . . . . . . . . . . Follow-up Attacks . | . . . . . . . . . . . . . . Damage Inflicted 4538 | 188 124 . . 269 64 69 . 464 459 874 211 796 1020 Guns 587 | 188 124 . . 21 . . . . . . . . 254 Cannons 772 | . . . . . . . . 464 80 228 . . . Explosions 2611 | . . . . 248 . . . . 322 646 211 451 733 Melee 559 | . . . . . 64 69 . . 57 . . 345 24 Ramming 9 | . . . . . . . . . . . . . 9 Kinetic 254 | . . . . . . . . . . . . . 254 Thermal 1105 | 188 124 . . 21 . . . 464 80 228 . . . Explosive 2611 | . . . . 248 . . . . 322 646 211 451 733 Electromagnetic . | . . . . . . . . . . . . . . Impact 559 | . . . . . 64 69 . . 57 . . 345 24 Slashing . | . . . . . . . . . . . . . . Piercing . | . . . . . . . . . . . . . . Highest Corruption 7 | . . . . . 3 . . 1 1 1 3 4 7 Average Corruption 2 | . . . . . 3 . . 1 1 1 1 3 6 Corruption Purged . | . . . . . . . . . . . . . . Corruption Blocked . | . . . . . . . . . . . . . . Effects 31 | . . . . . 1 . . 3 2 3 4 5 13 Message Errors 9 | . . . . . 1 . . 2 1 1 . 1 3 Matter Fused 9 | . . . . . . . . . . 1 3 . 5 Heat Flow Errors 3 | . . . . . . . . . . . . 1 2 Energy Discharges 2 | . . . . . . . . 1 . . . 1 . Data Loss (minor) 3 | . . . . . . . . . . . . 2 1 Data Loss (major) 3 | . . . . . . . . . 1 . . . 2 Misfires 2 | . . . . . . . . . . 1 1 . . Overload Shots . | . . . . . . . . . . . . . . Overflow Damage 324 | . . . . . 24 69 . . . 47 7 105 72 Projectiles 43 | . . . . . . . . . . 43 . . . Explosions 93 | . . . . . . . . . . 4 7 10 72 Melee 188 | . . . . . 24 69 . . . . . 95 . Knockbacks 2 | . . . . . 1 . . . . . . 1 . Impact 2 | . . . . . 1 . . . . . . 1 . Kinetic . | . . . . . . . . . . . . . . Secondary . | . . . . . . . . . . . . . . Self-Inflicted Damage 456 | . . . . 92 . . . . . 107 44 19 194 Shots 12 | . . . . 3 . . . . . 3 1 1 4 Rammed 1 | . . . . . . . . . . . . . 1 Targets Rammed 1 | . . . . . . . . . . . . . 1 Kicked . | . . . . . . . . . . . . . . Crushed . | . . . . . . . . . . . . . . Highest Temperature 269 | 156 180 . 30 71 . . 33 199 160 192 60 269 252 Average Temperature 80 | 51 74 . 17 42 . . 18 114 75 86 35 127 98 Received Heat Transfer 893 | . 111 . . 20 63 . . . . 27 140 219 313 Siege Activations . | . . . . . . . . . . . . . . Martial Activations . | . . . . . . . . . . . . . . Shielding Activations . | . . . . . . . . . . . . . . Robots Disrupted . | . . . . . . . . . . . . . . Combat Hostiles . | . . . . . . . . . . . . . . Robots Corrupted 4 | . . . . . 1 1 . . . . . 2 . Combat Hostiles 1 | . . . . . . . . . . . . 1 . Parts Fried 6 | . . . . . 4 1 . . . . . 1 . Impact Corruptions 7 | . . . . . 1 2 . . . . . 4 . Robots Melted 3 | . 1 . . . . . . 1 . 1 . . . Combat Hostiles 3 | . 1 . . . . . . 1 . 1 . . . Parts Melted 10 | . 1 . . . . . . 5 2 2 . . . Heat Transferred 2877 | 629 518 . . 50 . . . 1040 160 480 . . . Parts Sabotaged . | . . . . . . . . . . . . . . Parts Stolen 5 | . . . . . . . . . . 5 . . . Parts Stripped . | . . . . . . . . . . . . . . Power Chain Reactions . | . . . . . . . . . . . . . . Alert | -11 -10 -10 -10 -9 -8 -7 -7 -7 -7 -7 -7 -6 -6 ------- Run | Yrd Mat Min Exi Min Mat Fac Gar Fac Low Low Zio Pro Fac Maximum Alert Level 2 | . . . . . . . 2 1 . . . . 2 Low Security (%) 66 | 100 100 100 . 100 100 100 38 13 . . . . 70 Level 1 26 | . . . . . . . 38 86 . . . . 25 Level 2 6 | . . . . . . . 23 . . . . . 3 Level 3 . | . . . . . . . . . . . . . . Level 4 . | . . . . . . . . . . . . . . Level 5 . | . . . . . . . . . . . . . . High Security . | . . . . . . . . . . . . . . Max Security . | . . . . . . . . . . . . . . Peak Influence 580 | 10 21 . . 17 32 7 580 304 . . . . 489 Initial 304 | . 6 . . . . . . 304 . . . . 109 Average 137 | 1 2 . . . 3 . 292 242 . . . . 151 Influence Increases 2303 | 30 33 . . 34 54 7 580 202 195 85 . 355 728 Destroy 0b10 Robot/C 720 | . 20 . . . . . . 120 160 60 . 160 200 Destroy 0b10 Robot/NC 55 | 30 5 . . . 5 5 . . 5 . . 5 . Destroy Leader 124 | . 2 . . . . 2 . 30 30 10 . 10 40 Allied During Kill 12 | . . . . . . . . 12 . . . . . Successful Hack 45 | . 4 . . . 5 . . 36 . . . . . Disable Machine 120 | . . . . . . . 30 . . . . . 90 Anti-Garrison Action 550 | . . . . . . . 550 . . . . . . Destroy Structure 107 | . 2 . . 34 14 . . 4 . . . . 53 Lose Combat Pursuer 570 | . . . . . 30 . . . . 15 . 180 345 Influence Decreases 1842 | 20 43 . . 34 54 7 . 618 335 109 . 180 442 Entered New Map 414 | . 4 . . . . . . 276 62 6 . . 66 Time Decay 1245 | 20 39 . . 34 51 7 . 302 263 103 . 150 276 Lost Part 143 | . . . . . 3 . . . 10 . . 30 100 Lost Ally 40 | . . . . . . . . 40 . . . . . Squads Dispatched 16 | . 3 . . . 1 . . 5 . . . . 7 Investigation 5 | . 1 . . . . . . 3 . . . . 1 Extermination 2 | . . . . . . . . 1 . . . . 1 Reinforcement 9 | . 2 . . . 1 . . 1 . . . . 5 Assault . | . . . . . . . . . . . . . . Garrison . | . . . . . . . . . . . . . . Intercept . | . . . . . . . . . . . . . . Searches Triggered . | . . . . . . . . . . . . . . Construction Impeded 2 | . . . . . . . . . . . . . 2 Haulers Reinforced . | . . . . . . . . . . . . . . Active Scanning Responses . | . . . . . . . . . . . . . . Cargo Convoy Interrupts . | . . . . . . . . . . . . . . Stealth | -11 -10 -10 -10 -9 -8 -7 -7 -7 -7 -7 -7 -6 -6 --------- Run | Yrd Mat Min Exi Min Mat Fac Gar Fac Low Low Zio Pro Fac Distress Signals 4 | . . . . 1 . . . 1 . . . . 2 Communications Jammed . | . . . . . . . . . . . . . . Distress Signals . | . . . . . . . . . . . . . . Times Spotted 124 | . 8 . . 5 5 . . 7 8 9 6 25 51 Peak Tracking Total 20 | . 6 . . 3 2 . . 2 4 5 6 7 20 Tactical Retreats 18 | . . . . . 1 . . . . 1 . 6 10 ECM-based Alert Blocks 3 | . . . . . . . . . . . . . 3 Traps | -11 -10 -10 -10 -9 -8 -7 -7 -7 -7 -7 -7 -6 -6 ------- Run | Yrd Mat Min Exi Min Mat Fac Gar Fac Low Low Zio Pro Fac Traps Triggered 3 | . . . . . . . 1 1 . . . . 1 Indirectly . | . . . . . . . . . . . . . . Trap Hack Attempts . | . . . . . . . . . . . . . . Triggered . | . . . . . . . . . . . . . . Disarmed . | . . . . . . . . . . . . . . Reprogrammed . | . . . . . . . . . . . . . . Reused 4 | . . . . . . . . . . . . 4 . Traps Extracted . | . . . . . . . . . . . . . . Installed 5 | . . . . . . . . . . . . 5 . Triggered 4 | . . . . . . . . . . . . 4 . Most Traps Carried 1 | . . . . . . . . . . . . 1 . Machines | -11 -10 -10 -10 -9 -8 -7 -7 -7 -7 -7 -7 -6 -6 ---------- Run | Yrd Mat Min Exi Min Mat Fac Gar Fac Low Low Zio Pro Fac Machines Disabled 12 | . . . . . . . 5 . . 1 . . 6 Max in Single Turn 4 | . . . . . . . 1 . . 1 . . 4 Garrison Access 1 | . . . . . . . . . . . . . 1 Garrison Relay 3 | . . . . . . . 3 . . . . . . Machines Repaired . | . . . . . . . . . . . . . . Machines Dismantled . | . . . . . . . . . . . . . . Machines Sabotaged . | . . . . . . . . . . . . . . Overloaded Fab Kills . | . . . . . . . . . . . . . . Hacking | -11 -10 -10 -10 -9 -8 -7 -7 -7 -7 -7 -7 -6 -6 --------- Run | Yrd Mat Min Exi Min Mat Fac Gar Fac Low Low Zio Pro Fac Machines Accessed 28 | . 2 . 5 . 6 2 4 6 . 1 . . 2 Terminals 15 | . 2 . . . 5 . 4 2 . 1 . . 1 Fabricators 3 | . . . . . . 1 . 2 . . . . . Repair Stations . | . . . . . . . . . . . . . . Recycling Units 1 | . . . . . . . . 1 . . . . . Scanalyzers 1 | . . . . . 1 . . . . . . . . Garrison Access 3 | . . . . . . 1 . 1 . . . . 1 Total Hacks 93 | . 5 . 50 . 12 3 6 9 . 4 . . 4 Successful 73 | . 3 . 50 . 8 1 1 5 . 4 . . 1 Failed 20 | . 2 . . . 4 2 5 4 . . . . 3 Catastrophic 5 | . 1 . . . . . 2 . . . . . 2 Database Lockouts . | . . . . . . . . . . . . . . Manual 22 | . 4 . 2 . 7 1 3 2 . . . . 3 Terminals 29 | . 5 . . . 9 . 6 4 . 4 . . 1 Fabricators 3 | . . . . . . 1 . 2 . . . . . Repair Stations . | . . . . . . . . . . . . . . Recycling Units 1 | . . . . . . . . 1 . . . . . Scanalyzers 3 | . . . . . 3 . . . . . . . . Garrison Access 7 | . . . . . . 2 . 2 . . . . 3 Terminal Hacks 60 | . 2 . 50 . 2 . 1 1 . 4 . . . Record 54 | . . . 49 . 1 . . . . 4 . . . Open Door 1 | . . . . . . . 1 . . . . . . Open DSF 1 | . . . . . . . . 1 . . . . . Emergency Access Points 1 | . 1 . . . . . . . . . . . . Alert Level 1 | . . . . . 1 . . . . . . . . Locate Traps 1 | . 1 . . . . . . . . . . . . Proto ID Catalog 1 | . . . 1 . . . . . . . . . . Fabricator Hacks 1 | . . . . . . . . 1 . . . . . Build 1 | . . . . . . . . 1 . . . . . Repair Station Hacks . | . . . . . . . . . . . . . . Recycling Unit Hacks . | . . . . . . . . . . . . . . Scanalyzer 3 | . . . . . 3 . . . . . . . . Insert Component 1 | . . . . . 1 . . . . . . . . Retrieve Study 2 | . . . . . 2 . . . . . . . . Garrison Access Hacks 3 | . . . . . . 1 . 1 . . . . 1 Unlock Access 1 | . . . . . . 1 . . . . . . . Seal Access 1 | . . . . . . . . . . . . . 1 Coupler Status 1 | . . . . . . . . 1 . . . . . Unauthorized Hacks 6 | . 1 . . . 3 . . 2 . . . . . Terminals 4 | . 1 . . . 3 . . . . . . . . Assimilate 1 | . . . . . 1 . . . . . . . . Botnet 2 | . . . . . 2 . . . . . . . . Sabotage 1 | . 1 . . . . . . . . . . . . Fabricators 1 | . . . . . . . . 1 . . . . . Report 1 | . . . . . . . . 1 . . . . . Repair Stations . | . . . . . . . . . . . . . . Recycling Units . | . . . . . . . . . . . . . . Scanalyzers . | . . . . . . . . . . . . . . Garrison Access 1 | . . . . . . . . 1 . . . . . Reprogram 1 | . . . . . . . . 1 . . . . . Data Cores Recovered . | . . . . . . . . . . . . . . Used . | . . . . . . . . . . . . . . Hacking Detections 14 | . 1 . . . 3 1 3 4 . . . . 2 Full Trace Events 1 | . . . . . . . . 1 . . . . . Feedback Events . | . . . . . . . . . . . . . . Feedback Blocked . | . . . . . . . . . . . . . . Robot Schematics Acquired . | . . . . . . . . . . . . . . Robots Built . | . . . . . . . . . . . . . . Authchips . | . . . . . . . . . . . . . . Time . | . . . . . . . . . . . . . . Total Robot Build Rating . | . . . . . . . . . . . . . . Part Schematics Acquired . | . . . . . . . . . . . . . . Parts Built 2 | . . . . . . . . 2 . . . . . Authchips . | . . . . . . . . . . . . . . Time 53 | . . . . . . . . 53 . . . . . Total Part Build Rating 12 | . . . . . . . . 12 . . . . . Part Studies Acquired . | . . . . . . . . . . . . . . Parts Repaired . | . . . . . . . . . . . . . . Time . | . . . . . . . . . . . . . . Parts Recycled . | . . . . . . . . . . . . . . Recycled Matter . | . . . . . . . . . . . . . . Retrieved Matter . | . . . . . . . . . . . . . . Retrieved Components . | . . . . . . . . . . . . . . Parts Scanalyzed . | . . . . . . . . . . . . . . Part Schematics Acquired . | . . . . . . . . . . . . . . Parts Damaged . | . . . . . . . . . . . . . . Bothacking | -11 -10 -10 -10 -9 -8 -7 -7 -7 -7 -7 -7 -6 -6 ------------ Run | Yrd Mat Min Exi Min Mat Fac Gar Fac Low Low Zio Pro Fac Used RIF Installer 1 | . . . . . . . 1 . . . . . . Robots Hacked . | . . . . . . . . . . . . . . Non-combat . | . . . . . . . . . . . . . . Combat . | . . . . . . . . . . . . . . Robot Hacks Applied . | . . . . . . . . . . . . . . Relay Couplers Released 11 | . . . . . . . 11 . . . . . . Machine Destruction 11 | . . . . . . . 11 . . . . . . Fabnet Peak Effective % . | . . . . . . . . . . . . . . Robots Rewired . | . . . . . . . . . . . . . . Allies Hacked . | . . . . . . . . . . . . . . Hacks Repelled . | . . . . . . . . . . . . . . Allies | -11 -10 -10 -10 -9 -8 -7 -7 -7 -7 -7 -7 -6 -6 -------- Run | Yrd Mat Min Exi Min Mat Fac Gar Fac Low Low Zio Pro Fac Total Allies 7 | . . . . . . . . 3 . . 4 . . Largest Group 4 | . . . . . . . . 3 . . 4 . . Highest-Rated Group 113 | . . . . . . . . 48 . . 113 . . Highest-Rated Ally 51 | . . . . . . . . 16 . . 51 . . Total Orders . | . . . . . . . . . . . . . . Ally Attacks 11 | . . . . . . . . 11 . . . . . Total Damage 86 | . . . . . . . . 86 . . . . . Kills 1 | . . . . . . . . 1 . . . . . Allies Corrupted . | . . . . . . . . . . . . . . Allies Melted . | . . . . . . . . . . . . . . Intel | -11 -10 -10 -10 -9 -8 -7 -7 -7 -7 -7 -7 -6 -6 ------- Run | Yrd Mat Min Exi Min Mat Fac Gar Fac Low Low Zio Pro Fac Active Infowar (turns) 1745 | 4 268 21 764 . 351 . . . . . . . 337 Sensors 165 | . . . . . . . . . . . . . 165 Seismic 1408 | 4 268 21 764 . 351 . . . . . . . . ECM 172 | . . . . . . . . . . . . . 172 Robot Analysis Total . | . . . . . . . . . . . . . . Derelict Logs Recovered 6 | . . . . 1 . . . . 1 1 1 2 . Drone Launches . | . . . . . . . . . . . . . . Drone Recoveries . | . . . . . . . . . . . . . . Exploration | -11 -10 -10 -10 -9 -8 -7 -7 -7 -7 -7 -7 -6 -6 ------------- Run | Yrd Mat Min Exi Min Mat Fac Gar Fac Low Low Zio Pro Fac Turns Passed 7062 | 219 268 21 845 727 400 308 1197 664 732 524 217 308 632 Spaces Moved 5428 | 128 180 15 637 456 297 226 816 415 536 375 162 426 759 Core 67 | 5 . . . . . . . . . . . . 62 Treads . | . . . . . . . . . . . . . . Legs 1252 | 121 29 . 55 456 297 226 68 . . . . . . Wheels 3013 | 2 151 15 582 . . . 748 415 536 375 162 7 20 Hover 940 | . . . . . . . . . . . . 419 521 Flight 156 | . . . . . . . . . . . . . 156 Fastest Speed 35 | 50 120 130 90 90 90 90 130 130 130 130 130 52 35 Average Speed 114 | 117 129 130 127 147 90 127 139 130 130 130 130 53 59 Slowest Speed 330 | 120 260 130 330 170 90 170 250 130 130 130 130 130 120 Overloaded Moves . | . . . . . . . . . . . . . . Propulsion Burnouts . | . . . . . . . . . . . . . . Robots Hopped . | . . . . . . . . . . . . . . Potential Cave-ins 38 | . . . . . 20 . . . . . . 2 16 Cave-ins Triggered 3 | . . . . . 1 . . . . . . . 2 Time Travels 1 | . . . . . . . . 1 . . . . . Exploration Rate (%) 42 | 8 41 6 94 78 34 6 92 12 75 51 14 64 25 Regions Visited 13 Branch Regions 7 Pre-discovered Areas 1 | . . . 1 . . . . . . . . . . Known Exits Taken 6 | . . . . . . 1 . 1 1 1 1 1 . Unknown Exits Taken 6 | 1 1 1 1 1 1 . . . . . . . . Scrap Searched 12 | . . . . 2 . . . . 2 6 . 2 . Spaces Dug 78 | . . . . . 35 . 4 4 . 9 . 4 22 Terrain Destroyed 313 | . . . . 37 35 . 4 4 31 35 13 36 118 Melee 65 | . . . . . 35 . . 4 . . . 4 22 Projectile 5 | . . . . . . . 4 . 1 . . . . AOE 243 | . . . . 37 . . . . 30 35 13 32 96 Terrain Rammed . | . . . . . . . . . . . . . . Walls Destroyed . | . . . . . . . . . . . . . . Machines Disabled . | . . . . . . . . . . . . . . Actions | -11 -10 -10 -10 -9 -8 -7 -7 -7 -7 -7 -7 -6 -6 --------- Run | Yrd Mat Min Exi Min Mat Fac Gar Fac Low Low Zio Pro Fac Total 6011 | 167 198 16 669 497 365 246 864 523 558 398 166 481 863 Wait 154 | 7 5 . . 28 20 2 2 63 2 1 . 11 13 Move 5413 | 127 179 14 636 455 296 225 814 414 535 374 161 425 758 Hop . | . . . . . . . . . . . . . . Pick Up 74 | 10 1 . 17 5 5 8 11 8 1 1 . 3 4 Fast Attach 31 | 3 . . 1 . 1 1 3 4 1 4 . 2 11 Attach 43 | 5 1 2 3 . 1 5 3 2 3 1 1 6 10 Detach 28 | 1 2 . 3 . . 1 4 1 3 3 1 1 8 Swap 17 | . 1 . 3 1 1 . 4 3 1 . . 1 2 Drop 51 | . . . 4 . 4 3 12 11 1 1 . 9 6 Fire 95 | 14 9 . 1 8 . . 2 13 7 12 3 4 22 Melee 95 | . . . . . 37 1 7 4 4 1 . 14 27 Ram 1 | . . . . . . . . . . . . . 1 Kick . | . . . . . . . . . . . . . . Crush . | . . . . . . . . . . . . . . Escape Stasis 1 | . . . . . . . . . . . . . 1 Rewire 3 | . . . 1 . . . 2 . . . . . . Trap 5 | . . . . . . . . . . . . 5 . Miscellaneous . | . . . . . . . . . . . . . . Route ------- -11/Scrapyard -10/Materials -10/Mines -10/Exiles (discovered 2 exits: [*Min x2]) -9/Mines (discovered 2 exits: *Mat x2) -8/Materials -7/Factory -7/Garrison (discovered 3 exits: *Fac x3) -7/Factory (discovered 2 exits: [*Sto] / *Low) -7/Lower Caves -7/Lower Caves (discovered 2 exits: Fac / *Zio) -7/Zion (discovered 2 exits: Dee / *Pro) -6/Proximity Caves -6/Factory (discovered 4 exits: *Fac x3 / Low) History --------- Turn | Location | Event 24 | -11/Scrapyard | Discovered new exit (range 16) 220 | -11/Scrapyard | Entered Materials 300 | -10/Materials | Build established: Mutant 470 | -10/Materials | Discovered new exit (range 15) 488 | -10/Materials | Entered Mines 502 | -10/Mines | Deemed a non-threat by the Exiles lab entrance 502 | -10/Mines | Discovered new exit (range 5) 509 | -10/Mines | Entered Exiles 550 | -10/Exiles | Discovered new exit (range 14) 586 | -10/Exiles | Met 8R-AWN 610 | -10/Exiles | Met EX-HEX 695 | -10/Exiles | Met EX-DEC 726 | -10/Exiles | Visited The Gauntlet 948 | -10/Exiles | Met EX-BIN 1061 | -10/Exiles | Aligned with FarCom system 1062 | -10/Exiles | Given EX-Vault access code 1093 | -10/Exiles | Opened EX-Vault 1100 | -10/Exiles | Found Prototype Device 1105 | -10/Exiles | Found Prototype Leg 1107 | -10/Exiles | Found Prototype Leg 1109 | -10/Exiles | Found Prototype Energy Cannon 1116 | -10/Exiles | Identified Potential Leg (x2) 1116 | -10/Exiles | Identified Chronowheel 1116 | -10/Exiles | Identified Gui. Plasma Cannon 1143 | -10/Exiles | Warned to stay clear of 0b10 Research branches 1194 | -10/Exiles | Learned location of Zion (-7) 1341 | -10/Exiles | Discovered new exit (range 14) 1354 | -10/Exiles | Stole three prototypes: Potential Leg, Chronowheel, Gui. Plasma Cannon 1354 | -10/Exiles | Entered Mines 1419 | -9/Mines | Assembled infested the area 1424 | -9/Mines | Assisted by a Guerilla fighting off Assembled 1699 | -9/Mines | Discovered new exit (range 15) 2030 | -9/Mines | Learned Materials interactive machine intel 2060 | -9/Mines | Discovered new exit (range 9) 2081 | -9/Mines | Entered Materials 2081 | -8/Materials | Evolved 4 slots: Propulsion x2, Utility x2 2082 | -8/Materials | Loaded intel: 19 interactive machine locations 2437 | -8/Materials | Crushed by falling debris 2479 | -8/Materials | Discovered new exit (range 3) 2481 | -8/Materials | Entered Factory 2481 | -7/Factory | Evolved 2 slots: Utility x2 2483 | -7/Factory | FarCom data flow suspended 2788 | -7/Factory | Identified exit to Garrison 2789 | -7/Factory | Entered Garrison 2789 | -7/Garrison | Discovered recently destroyed garrison 2932 | -7/Garrison | Garrison Relay disabled 3161 | -7/Garrison | Discovered new exit (range 15) 3213 | -7/Garrison | Installed Relay Interface Framework 3244 | -7/Garrison | Garrison Relay disabled 3251 | -7/Garrison | Garrison Relay disabled 3493 | -7/Garrison | Discovered new exit (range 5) 3786 | -7/Garrison | Discovered new exit (range 13) 3879 | -7/Garrison | Identified exit to Factory 3986 | -7/Garrison | Entered Factory 4026 | -7/Factory | Identified exit to DSF 4066 | -7/Factory | Activated Chronowheel 4066 | -7/Factory | Spacetime reconverged on an earlier point 4125 | -7/Factory | Discovered new exit (range 13) 4357 | -7/Factory | Fabricated Imp. Arc Projector (x2) 4636 | -7/Factory | Discovered new exit (range 4) 4649 | -7/Factory | Identified exit to Lower Caves 4650 | -7/Factory | Entered Lower Caves 5099 | -7/Lower Caves | Discovered new exit (range 12) 5115 | -7/Lower Caves | Identified exit to Lower Caves 5222 | -7/Lower Caves | Learned Factory security intel 5382 | -7/Lower Caves | Entered another Lower Caves area 5458 | -7/Lower Caves | Spotted B-75 Beast 5702 | -7/Lower Caves | Spotted 23-EVY(f) 5702 | -7/Lower Caves | Spotted G9-V41(f) 5702 | -7/Lower Caves | Spotted 42-93W(f) 5702 | -7/Lower Caves | Spotted 4M-ITK(f) 5703 | -7/Lower Caves | Spotted 20-PSM(f) 5704 | -7/Lower Caves | Encountered a Master Thief 5704 | -7/Lower Caves | Encountered a Master Thief 5704 | -7/Lower Caves | Encountered a Master Thief 5704 | -7/Lower Caves | Encountered a Master Thief 5704 | -7/Lower Caves | Encountered a Master Thief 5705 | -7/Lower Caves | Potential Leg stolen by Master Thief 5706 | -7/Lower Caves | Gui. Plasma Cannon stolen by Master Thief 5706 | -7/Lower Caves | Potential Leg stolen by Master Thief 5708 | -7/Lower Caves | Imp. Hacking Suite stolen by Master Thief 5709 | -7/Lower Caves | Imp. Hacking Suite stolen by Master Thief 5715 | -7/Lower Caves | Discovered new exit (range 11) 5727 | -7/Lower Caves | Identified exit to Zion 5749 | -7/Lower Caves | Identified exit to Factory 5749 | -7/Lower Caves | Learned Extension stockpile data 5749 | -7/Lower Caves | Learned Factory security intel 5811 | -7/Lower Caves | Learned location of 1 exit from Lower Caves 5906 | -7/Lower Caves | Entered Zion 5918 | -7/Zion | Identified exit to Deep Caves 5957 | -7/Zion | Discovered new exit (range 8) 5968 | -7/Zion | Identified exit to Proximity Caves 5994 | -7/Zion | Gained Derelict followers 6059 | -7/Zion | System corruption cleaned by Quarantine Array 6064 | -7/Zion | RIF detected upon attempting to enter Zion 6064 | -7/Zion | Attacked by Zionites 6064 | -7/Zion | Spotted AY-16R(B) 6064 | -7/Zion | Spotted IN-9PI(B) 6123 | -7/Zion | Entered Proximity Caves 6130 | -6/Proximity Caves | Attracted the attention of an 0b10 base 6214 | -6/Proximity Caves | Learned Factory stockpile data 6370 | -6/Proximity Caves | Spotted B-75 Beast 6401 | -6/Proximity Caves | Learned location of 1 exit from Factory 6431 | -6/Proximity Caves | Entered Factory 6431 | -6/Factory | Evolved 2 slots: Propulsion x1, Utility x1 6432 | -6/Factory | Identified exit to Factory 6433 | -6/Factory | Identified exit to Lower Caves 6612 | -6/Factory | Crushed by falling debris 6617 | -6/Factory | Crushed by falling debris 6665 | -6/Factory | Lost 7 parts (1p2n3u1w) 7003 | -6/Factory | Released all parts (10) 7005 | -6/Factory | Discovered exit to Factory (range 16) 7027 | -6/Factory | Core integrity fell below 50% 7038 | -6/Factory | Core integrity fell below 20% 7063 | -6/Factory | Destroyed by S-27 Virus with Autogun Last Messages --------------- U-05 Engineer builds a Wall. U-05 Engineer lays Concrete. Surge Thruster destroyed. U-05 Engineer lays Concrete. W-25 Informer sends out distress signal. O-24 Administrator: "IFF HANDSHAKE FAILED. SECURING TERMINAL." [Achievement: Hunted] ALERT: Hostiles spotted, dispatching reinforcements to Terminal F006. Critical hit (Burn: +50). Slug penetrates S-27 Virus. S-27 Virus destroyed. Acquired VTOL Module. S-27 Virus destroyed. Gauss Rifle destroyed. V37FH=DPJ9MQKJEX##6W VTOL Module destroyed. R-10 Processor collects Autogun. Slammed into G-50 Soldier. [Achievement: For Emergencies Only] R-10 Processor collects VTOL Module. Map ----- +----------------------------------------------------+ | # # #???????????# + """ #? | | + # ##??????????# # #?? | | # # "#??????????# # ! #?? | | # + """ """ ##??????????# # [ #?? | | # # """ """ #???????????# ##### ###?? | | # # """ """ #?????????#####+###########?? | | # / " #?????????# #?? | | #// ! ###########?????????# #?? | | #// #???????????????????# ! #?? | | # #???????????????????# #?? | | # #???????????????????# #?? | | # #???????????????????# #?? | | ########???????????????????# #?? | | ???????????????????????????# ! #?? | | ???????????????????????????# #?? | | ? ???????????????????????????# #?? | | ???????????????????????????????######/##########?? | | ????????????????????????????????# #???? | | ????????????"""?????????????????# """ #???? | | ???????????? ???????????????#! Y" #???? | | ???????????? ###+#####+##### !!! """ #???? | | ??????????? # !!! #???? | | ??????????? # !! #???? | | ?????????? + "" #???? | | ?????????? R # "" #???? | | ?????????? R @ sg R%# """ #???? | | ?????????????????###########g##+# """ #???? | | ??????????????????????# ! *%[# """ #???? | | ??????????????????????# # #???? | | ??????????????????????# """ ############?????? | | ??????????????????????# """ #????????????????? | | ??????????????????????# """ """ #????????????????? | | ??????????????????????# T" #????????????????? | | ??????????????????????# """ #????????????????? | | ??????????????????????# #????????????????? | | ??????????????????????###########????????????????? | | ?????????????????????????????????????????????????? | | ?????????????????????????????????????????????????? | | ?????????????????????????????????????????????????? | | ????????????????????????????